 Dungeon Crawl Stone Soup version 0.27-a0-328-g7f782ed93a (webtiles) character file.

Game seed: 10175945008336947013

2 Chiseanne the Sneak (level 1, 0/11 HPs)
             Began as a Spriggan Delver on Feb 11, 2021.
             Slain by a mummy (11 damage)
             ... on level 6 of the Dungeon.
             The game lasted 00:01:35 (238 turns).

Chiseanne the Sneak (Spriggan Delver)                Turns: 238, Time: 00:01:36

Health: 0/11       AC:  2    Str:  8    XL:     1   Next: 25%
Magic:  2/2        EV: 18    Int: 11    God:
Gold:   18         SH:  0    Dex: 16    Spells: 0/0 levels left

rFire    . . .     SeeInvis +   a - +0 short sword
rCold    . . .     Faith    .   (shield restricted)
rNeg     . . .     Spirit   .   b - +0 robe
rPois    .         Reflect  .   (helmet restricted)
rElec    .         Harm     .   (no cloak)
rCorr    .         Rampage  .   (gloves unavailable)
Will     .....                  (boots unavailable)
Stlth    ++++......             (no amulet)
HPRegen  0.03/turn              (no ring)
MPRegen  0.08/turn              (no ring)

@: very quick
A: very small, unfitting armour, see invisible, speed 3
a: no special abilities


You were on level 6 of the Dungeon.
You visited 1 branch of the dungeon, and saw 2 of its levels.

You collected 18 gold pieces.

Inventory:

Hand Weapons
 a - a +0 short sword (weapon)
Armour
 b - a +0 robe (worn)
Jewellery
 h - an amulet of magic regeneration {unknown}
Wands
 g - a wand of digging (3)
Scrolls
 c - a scroll of fog
 d - a scroll of magic mapping
 e - a scroll of fear
Potions
 f - a potion of haste
 i - a potion of might {unknown}


   Skills:
 - Level 2.4 Fighting
 * Level 2.2 Short Blades
 * Level 2.7 Dodging
 * Level 7.3 Stealth


You couldn't memorise any spells.
You didn't know any spells.
Your spell library was empty.

Dungeon Overview and Level Annotations

Branches:
Dungeon (6/15)
 Temple: D:4-7

Altars:
Dithmenos
Uskayaw

Portals:
Ossuary: D:6


Innate Abilities, Weirdness & Mutations

You are very small and have problems with some larger weapons.
You are too small for most types of armour.
You have supernaturally acute eyesight. (SInv)
You cover ground extremely quickly.


Message History

The orc is severely wounded.
The orc misses you.
You hit the orc.
You kill the orc!
You see here an orc corpse.
There is a stone staircase leading up here.
You hear the slow hiss of a distant avalanche of sand.
Found 18 gold pieces.
Found a scroll labelled USCHOA VYCKYT.
You now have 18 gold pieces.
j - a scroll labelled USCHOA VYCKYT
As you read the scroll labelled USCHOA VYCKYT, it crumbles to dust.
Your nose twitches suddenly!
It was a scroll of random uselessness.
Found a ring mail.
You see here a ring mail.
As you open the door, it creaks loudly!
A mummy comes into view.
Found a sand-covered staircase.
You hit the mummy but do no damage. You hit the mummy but do no damage.
The mummy misses you.
You barely miss the mummy. You hit the mummy.
The mummy is lightly damaged.
The mummy completely misses you.
You barely miss the mummy.
The mummy is lightly damaged.
The mummy closely misses you.
You hit the mummy.
The mummy is heavily damaged.
You barely miss the mummy.
The mummy is heavily damaged.
You hear the hiss of an avalanche of sand.
The mummy closely misses you.
You hit the mummy.
The mummy is severely damaged.
You hit the mummy.
The mummy is severely damaged.
The mummy hits you!
Ouch! That really hurt!
You die...

### ## . #∩# ..##
###.###M###....#
.......@.......#
.........#####.###
########..###....#
##.[...# ###....##
#...#...#
##.#####.#
#######..# ...
......#.## #.<


You could see a mummy.

Vanquished Creatures
  An orc (D:6)
1 creature vanquished.

Notes
Turn   | Place    | Note
-------+----------+-------------------------------------------
     0 | D:5      | Chiseanne the Spriggan Delver began the quest for the Orb.
     0 | D:5      | Reached XP level 1. HP: 11/11 MP: 2/2
    13 | D:5      | Found a shadowy altar of Dithmenos.
    13 | D:5      | Noticed an orc priest
    50 | D:6      | Noticed a +0 hand axe
    51 | D:6      | Found a hide-covered altar of Uskayaw.
    51 | D:6      | Noticed a phantom
    55 | D:6      | Noticed a hound
    58 | D:6      | Noticed a +0 dagger
   229 | D:6      | Found a sand-covered staircase.
   238 | D:6      | Slain by a mummy

Illustrated notes

Levels and vault maps discovered:
D:5:      layout_basic, serial_shops, kennysheep_mini_moat, serial_corexii_hall,
          corexii_hall_statues_t, corexii_hall_statues_t,
          corexii_hall_statues_i, minmay_stone_trees_small,
          nicolae_dithmenos_the_darkroom, uniq_eustachio
D:6:      layout_rooms, dancing_weapons_uskayaw, overflow_temple_1_default,
          nicolae_ossuary_entry_giza

Action                   || total
-------------------------++-------
Melee: Short sword       ||    11
  Use: Scroll            ||     2
Dodge: Dodged            ||     9

Table legend: (Time is in decaauts)
 A = Elapsed time spent in this place.
 B = Non-inter-level travel time spent in this place.
 C = Inter-level travel time spent in this place.
 D = Time resting spent in this place.
 E = Time spent auto-exploring this place.
 F = Levels seen in this place.
 G = Mean time per level.
                   A        B        C        D        E       F      G
               +--------+--------+--------+--------+--------+-----+--------+
         Total |    153 |    153 |      0 |      0 |      0 |   2 |   76.5 |
       Dungeon |    153 |    153 |      0 |      0 |      0 |   2 |   76.5 |
               +--------+--------+--------+--------+--------+-----+--------+

Top non-repeatable levels by time:
     D:6: 146 daAuts
     D:5: 7 daAuts
